 Dungeon Crawl Stone Soup version 0.23.2-40-g277498a001 (webtiles) character file.

Game seed: 12378767113825900994

31 Mgcat the Skirmisher (level 3, 0/27 HPs)
             Began as an Octopode Fighter on Jan 27, 2020.
             Succumbed to a kobold's poison
             ... on level 2 of the Dungeon.
             The game lasted 00:03:41 (743 turns).

Mgcat the Skirmisher (Octopode Fighter)              Turns: 743, Time: 00:03:41

Health: 0/27       AC:  1    Str: 12 (15) XL:     3   Next: 22%
Magic:  3/3        EV: 11    Int:  8 (10) God:
Gold:   0          SH:  8    Dex: 10 (12) Spells: 2/2 levels left

rFire    . . .     SeeInvis .   a - +0 war axe
rCold    . . .     Gourm    .   b - +0 shield
rNeg     . . .     Faith    .   (helmet restricted)
rPois    .         Spirit   .   (no amulet)
rElec    .         Reflect  .   (no ring)
rCorr    .         Harm     .   (no ring)
MR       .....                  (no ring)
Stlth    ++........             (no ring)
HPRegen  0.09/turn              (no ring)
MPRegen  0.08/turn              (no ring)
                                (no ring)
                                (no ring)

@: lethally poisoned (0 -> -13)
A: almost no armour, stealthy swim, amphibious, 8 rings, constrict 8, camouflage
1, gelatinous body 1
a: no special abilities


You were on level 2 of the Dungeon.
You were not hungry.

You visited 1 branch of the dungeon, and saw 2 of its levels.

Inventory:

Hand Weapons
 a - a +0 war axe (weapon)
Missiles
 h - 20 stones (quivered)
Armour
 b - a +0 shield (worn)
Scrolls
 e - 2 scrolls of enchant weapon {unknown}
 f - a scroll of amnesia {unknown}
 j - a scroll of enchant armour {unknown}
 l - a scroll of remove curse {unknown}
Comestibles
 d - a ration


   Skills:
 + Level 3.6 Fighting
 + Level 2.9 Axes
 - Level 3.0 Dodging
 - Level 3.0 Shields


You had 2 spell levels left.
You didn't know any spells.
Your spell library was empty.

Dungeon Overview and Level Annotations

Branches:
Dungeon (2/15)

Altars:

Annotations:
D:2 exclusion: door


Innate Abilities, Weirdness & Mutations

You cannot wear most types of armour.
You are very stealthy in the water. (Stealth+)
You are amphibious.
You can wear up to eight rings at the same time.
You can use your tentacles to constrict eight enemies at once.
Your skin changes colour to match your surroundings (Stealth+).
Your rubbery body absorbs attacks. (AC +1, EV +1)


Message History

Lua error: [string "/dgldir/rcfiles/crawl-0.23/Mgcat.rc"]:926: invalid capture index Unknown command.
Warning x2: The worm can hit for moderate damage in melee!
The worm (sleeping) can hit for moderate damage in melee!
Unknown command.
Lua error: [string "/dgldir/rcfiles/crawl-0.23/Mgcat.rc"]:926: invalid capture index The goblin shouts!
A goblin opens the door.
The goblin shouts! x2; The ball python hisses angrily.
Warning x2: The worm can hit for moderate damage in melee! x2
There are monsters nearby!
A goblin opens the door.
You see here a scroll labeled BEUFRE POHIMN.
l - a scroll labeled BEUFRE POHIMN The goblin shouts!
A kobold opens the door.
A bat comes into view.
You block the bat's attack. You block the bat's attack.
You barely miss the bat. You grab the bat. You constrict the bat.
The bat hits you. You block the bat's attack. The bat closely misses you. x2
You take 1 damage, and have 25/26 hp.
You release your grip on the bat.
The bat hits you but does no damage. You block the bat's attack.
You barely miss the bat. Your grab misses the bat. Your squeeze misses the bat.
The bat is severely wounded.
You block the bat's attack.
You closely miss the bat. Your grab misses the bat.
Your squeeze misses the bat.
The bat is severely wounded.
You block the bat's attack. The bat hits you but does no damage.
You barely miss the bat. You grab the bat.
The bat is severely wounded.
You constrict the bat.
You kill the bat!
The kobold throws a stone.
You block the stone.
Press: ? - help, v - describe, . - travel
Here: a kobold, wielding a +1 short sword of venom The floor.
Unknown command.
You aren't carrying any items that you can evoke.
Unknown command.
Unknown command.
Unknown command.
Unknown command.
Unknown command.
The kobold hits you with a +1 short sword of venom.
You are poisoned.
The bat barely misses you.
All of the chunks of flesh in your inventory have rotted away.
You take 3 damage, and have 22/26 hp.
You feel very mighty all of a sudden.
You feel sick. You block the bat's attack.
The kobold hits you with a +1 short sword of venom.
You are lethally poisoned!
You take 4 damage, and have 18/26 hp.
You closely miss the kobold. You grab the kobold.
Your squeeze misses the kobold. You constrict the kobold.
You feel sick. The bat hits you but does no damage.
The kobold hits you with a +1 short sword of venom.
You are more poisoned.
The bat barely misses you. You block the kobold's attack.
You take 5 damage, and have 13/26 hp.
You slash the kobold!
You kill the kobold!
You feel very sick. The bat hits you but does no damage.
You take 2 damage, and have 11/26 hp.
Your shield prevents you from hitting the goblin.
Your grab misses the goblin.
You feel sick. You block the goblin's attack. The bat completely misses you.
The goblin hits you but does no damage.
You take 2 damage, and have 9/26 hp.
You slash the goblin!
You kill the goblin!
You closely miss the bat.
* * * LOW HITPOINT WARNING * * *
You feel sick. The bat barely misses you. The bat closely misses you. x2
You take 2 damage, and have 7/27 hp.
It was a potion of cancellation.
Your magical effects are unravelling.
You feel magically purged.
You feel a little less mighty now.
* * * LOW HITPOINT WARNING * * *
You feel sick. The bat hits you.
* * * LOW HITPOINT WARNING * * *
You take 2 damage, and have 5/27 hp.
It was a potion of degeneration.
There was something very wrong with that liquid.
You feel weakened.
You feel dopey.
You feel clumsy.
* * * LOW HITPOINT WARNING * * *
You feel sick. The bat hits you but does no damage.
You take 2 damage, and have 3/27 hp.
* * * LOW HITPOINT WARNING * * *
You feel sick.
You see here a +1 short sword of venom.
You take 1 damage, and have 2/27 hp.
You barely miss the bat. Your grab misses the bat.
* * * LOW HITPOINT WARNING * * *
You feel sick. You block the bat's attack.
You miss the bat. Your grab misses the bat.
You die...

#### #####... . ........
... ..####..
.....########## .##[.##.
.......(b@....####.#...$#.
#############.#....#....#.
#...#####.(##.
#..##.###+##..
#..#...'.###'#
#.b##g###'.."#
#.K.#w#.#.g.(?
#.......#S.!%.
##...g..#wb(?.


You could see a bat.

Vanquished Creatures
  A dart slug (D:2)
  A ball python (D:1)
  5 bats
  A giant cockroach (D:1)
  5 goblins
  4 hobgoblins (D:1)
  3 jackals (D:1)
  A frilled lizard (D:1)
  2 kobolds
  A rat (D:1)
24 creatures vanquished.

Notes
Turn   | Place    | Note
-------+----------+-------------------------------------------
     0 | D:1      | Mgcat the Octopode Fighter began the quest for the Orb.
     0 | D:1      | Reached XP level 1. HP: 16/16 MP: 1/1
    86 | D:1      | Reached XP level 2. HP: 20/21 MP: 2/2
   666 | D:1      | You fall through a shaft!
   667 | D:2      | Reached XP level 3. HP: 26/26 MP: 3/3
   739 | D:2      | HP: 6/27 [poisoned by a kobold]
   741 | D:2      | HP: 2/27 [poisoned by a kobold]
   743 | D:2      | Succumbed to a kobold's poison

Action                   || total
-------------------------++-------
Melee: War axe           ||    50
       Constrict         ||    14
       Tentacles         ||     5
Throw: Stone             ||     2
  Use: Potion            ||     3
 Stab: Sleeping          ||     4
Armor: Skin              ||     8
Dodge: Dodged            ||    19
Block: Shield            ||    32

Levels and vault maps discovered:
D:1:      dpeg_arrival_rooms_with_view, layout_basic
D:2:      layout_basic, minmay_joined_circles, uniq_natasha, uniq_jessica

Table legend:
 A = Turns spent in this place as a percentage of turns spent in the entire game.
 B = Non-inter-level travel turns spent in this place as a percentage of non-inter-level travel turns spent in the entire game.
 C = Inter-level travel turns spent in this place as a percentage of turns spent in this place.
 D = Turns resting spent in this place as a percentage of non-inter-level travel turns spent in this place.
 E = Turns spent auto-exploring this place as a percentage of non-inter-level travel turns spent in this place.
 F = Non-inter-level travel turns spent in this place divided by the number of levels of this place that you've seen.
                   A       B       C       D       E      F
               +-------+-------+-------+-------+-------+----------------------
         Total | 100.0 | 100.0 |   0.0 |  15.9 |  56.5 | 371.5
       Dungeon | 100.0 | 100.0 |   0.0 |  15.9 |  56.5 | 371.5
               +-------+-------+-------+-------+-------+----------------------

Table legend:
 A = Kills in this place as a percentage of kills in entire the game.
 B = Kills by you in this place as a percentage of kills by you in the entire game.
 C = Kills by friends in this place as a percentage of kills by friends in the entire game.
 D = Other kills in this place as a percentage of other kills in the entire game.
 E = Experience gained in this place as a percentage of experience gained in the entire game.
 F = Experience gained in this place divided by the number of levels of this place that you have seen.
                   A       B       C       D       E      F
               +-------+-------+-------+-------+-------+----------------------
         Total | 100.0 | 100.0 |   N/A |   N/A | 100.0 |  22.5
       Dungeon | 100.0 | 100.0 |   N/A |   N/A | 100.0 |  22.5
               +-------+-------+-------+-------+-------+----------------------
